 Dungeon Crawl Stone Soup version 0.21.1-1-g345015f (webtiles) character file.

105 wotfoxis the Caller (level 4, -2/24 HPs)
             Began as a Deep Elf Summoner on Feb 19, 2018.
             Was an Initiate of Sif Muna.
             Killed by divine providence
             ... invoked by an orc priest
              (8 damage)
             ... on level 3 of the Dungeon.
             The game lasted 00:21:05 (2055 turns).

wotfoxis the Caller (Deep Elf Summoner)             Turns: 2055, Time: 00:21:06

Health: -2/24      AC:  6    Str:  5    XL:     4   Next: 53%
Magic:  8/12       EV: 12    Int: 21    God:    Sif Muna [......]
Gold:   132        SH:  0    Dex: 15    Spells: 7/11 levels left

rFire    . . .     SeeInvis .   (no weapon)
rCold    . . .     Gourm    .   (no shield)
rNeg     . . .     Faith    .   l - +1 leather armour
rPois    .         Spirit   .   c - +1 hat
rElec    .         Reflect  .   (no cloak)
rCorr    +         Harm     .   e - +0 pair of gloves
MR       .....                  (no boots)
Stlth    ++........             (no amulet)
HPRegen  0.08/turn              n - ring of resist corrosion
MPRegen  0.13/turn              (no ring)

@: no status effects
A: no striking features
a: Renounce Religion


You were on level 3 of the Dungeon.
You worshipped Sif Muna.
Sif Muna was noncommittal.
You were not hungry.

You visited 1 branch of the dungeon, and saw 3 of its levels.

You collected 132 gold pieces.

Inventory:

Hand Weapons
 r - a +0 dagger
Armour
 a - a +0 robe
 c - a +1 hat (worn)
 e - a +0 pair of gloves (worn)
 l - a +1 leather armour (worn)
Jewellery
 n - a ring of resist corrosion (left hand)
Scrolls
 h - a scroll of fog {unknown}
 j - a scroll of teleportation
 q - a scroll of fear {unknown}
Potions
 d - a potion of curing {unknown}
 f - a potion of heal wounds
 k - 2 potions of haste {unknown}
 m - a potion of brilliance {unknown}
Books
 b - a book of Callings

   Spells                             Type                      Level
   a - Summon Small Mammal            Summoning                    1
   b - Call Imp                       Summoning                    2
   c - Call Canine Familiar           Summoning                    3
   d - Summon Guardian Golem          Hexes/Summoning              3
   e - Summon Lightning Spire         Summoning/Air                4
   f - Summon Ice Beast               Ice/Summoning                4
 i - a book of Misfortune

   Spells                             Type                      Level
   a - Confusing Touch                Hexes                        1
   b - Confuse                        Hexes                        3
   c - Gell's Gravitas                Translocation                3
   d - Petrify                        Transmutation/Earth          4
   e - Metabolic Englaciation         Hexes/Ice                    5
   f - Yara's Violent Unravelling     Hexes/Transmutation          5
 p - Sif Muna's Almanac of Augmentations
   (You found it on level 2 of the Dungeon)

   Spells                             Type                      Level
   a - Infusion                       Charms                       1
Comestibles
 o - a ration


   Skills:
 + Level 2.6 Dodging
 + Level 2.6 Stealth
 + Level 4.2 Spellcasting
 + Level 2.1 Hexes
 + Level 5.5 Summonings


You had 7 spell levels left.
You knew the following spells:

 Your Spells              Type           Power        Failure   Level  Hunger
a - Summon Small Mammal   Summ           ####         1%          1    None
b - Confusing Touch       Hex            ##....       9%          1    None
c - Call Imp              Summ           ####....     3%          2    #......


Dungeon Overview and Level Annotations

Branches:
Dungeon (3/15)

Altars:
Dithmenos
Fedhas
Kikubaaqudgha
Sif Muna
Vehumet


Message History

You swap places.
Your quokka bites the orc.
Your rat bites the orc wizard.
The orc closely misses your quokka. The orc wizard barely misses your rat.
The orc priest hits your rat with a falchion.
Your rat dies!
Your rat's corpse disappears in a puff of smoke!
Casting: Confusing Touch
Confirm with . or Enter, or press ? or * to list all spells.
A beastly little devil appears in a puff of flame.
Your rat disappears in a puff of smoke!
Your quokka bites the orc.
The orc hits your quokka but does no damage.
Your quokka bites the orc.
The orc dies!
Sif Muna accepts your kill.
Your crimson imp blinks!
Casting: Call Imp
Confirm with . or Enter, or press ? or * to list all spells.
The orc priest calls down the wrath of Beogh upon you.
Beogh smites you!
You die...

.# #....go##.. . ....o .#
#... ..# #..§## .. #..#
#o§o###.... ###..#
#)........ #...# ##.##.....
#.### #######o# ..# #<#
#######.@.r5..####. .
##.######.......#.r........#
.......#..#######..........#
.........## #)......####
.......### #.......#
.......# ######### .......#
########


You could see an orc priest, a friendly crimson imp and 2 friendly quokkas.

Vanquished Creatures
  A jackal (D:1)
  2 rats (D:2)
3 creatures vanquished.

Vanquished Creatures (collateral kills)
  Jessica (D:2)
  Natasha (thrice) (D:2)
  2 adders (D:2)
  2 worms (D:2)
  A leopard gecko (D:2)
  An orc (D:3)
  2 giant cockroaches
  6 goblins
  7 hobgoblins
  5 jackals (D:1)
  4 kobolds
  10 bats
  2 frilled lizards (D:1)
  9 rats
55 creatures vanquished.

Grand Total: 58 creatures vanquished

Notes
Turn   | Place    | Note
-------+----------+-------------------------------------------
     0 | D:1      | wotfoxis the Deep Elf Summoner began the quest for the Orb.
     0 | D:1      | Reached XP level 1. HP: 10/10 MP: 6/6
   183 | D:1      | Reached XP level 2. HP: 11/15 MP: 4/8
   481 | D:2      | Reached skill level 5 in Summonings
   764 | D:2      | Noticed Natasha
   771 | D:2      | Killed Natasha
   771 | D:2      | Reached XP level 3. HP: 14/19 MP: 4/9
   775 | D:2      | Found a shadowy altar of Dithmenos.
   776 | D:2      | Learned a level 1 spell: Confusing Touch
   806 | D:2      | Learned a level 2 spell: Call Imp
   876 | D:2      | Noticed Jessica
   886 | D:2      | Killed Jessica
  1198 | D:2      | Noticed Natasha
  1206 | D:2      | Killed Natasha
  1206 | D:2      | Reached skill level 1 in Hexes
  1206 | D:2      | Reached XP level 4. HP: 22/24 MP: 3/12
  1299 | D:2      | Found an ancient bone altar of Kikubaaqudgha.
  1299 | D:2      | Found a deep blue altar of Sif Muna.
  1299 | D:2      | Noticed Natasha
  1310 | D:2      | Killed Natasha
  1319 | D:2      | Found a radiant altar of Vehumet.
  1323 | D:2      | Identified Sif Muna's Almanac of Augmentations
  1378 | D:2      | Became a worshipper of Sif Muna the Loreminder
  1959 | D:3      | Found a blossoming altar of Fedhas.
  2055 | D:3      | Killed from afar by an orc priest

Skill      XL: |  1  2  3  4 |
---------------+-------------+-----
Summonings     | 5 |  5.5
Spellcasting   | 4 |  4.2
Hexes          | 1 2 |  2.1
Dodging        | |  2.6
Stealth        | |  2.6

Action                   |  1- 3 |  4- 6 || total
-------------------------+-------+-------++-------
Melee: Dagger            |    26 |    25 ||    51
       Unarmed           |       |     4 ||     4
 Cast: Summon Small Mamm |    57 |    23 ||    80
       Confusing Touch   |    10 |     9 ||    19
       Call Imp          |     5 |     5 ||    10
  Use: Scroll            |     4 |     1 ||     5
       Potion            |       |     1 ||     1
 Stab: Sleeping          |     1 |       ||     1
  Eat: Ration            |     2 |       ||     2
Armor: Robe              |     5 |       ||     5
       Leather armour    |    14 |     5 ||    19
Dodge: Dodged            |    39 |    24 ||    63
